cohdb
Replays
Latest Replays
All Replays
Popular Replays
Top Player Replays
Match Explorer
How It Works
Community
CoH3 Stats
Reddit
Sign in to upload your games and track your stats! →
Sign in with Steam
Match 45629294
Unlisted
Match 45629294
Overview
Messages
Build Orders
End
Pioneer Squad
Construct Infanterie Kompanie
Grenadier Squad
Selects Breakthrough Battlegroup
Selects Assault Grenadiers
MG 42 Machine Gun Team
GrW 34 Mortar Team
Medical Station
MG 42 Machine Gun Team
Construct Panzergrenadier Kompanie
Pak 40 Anti-tank Gun Team
MG 42 Machine Gun Team
Selects Breakthrough
Selects Mechanized Assault Group
Mechanized Assault Group
Pak 40 Anti-tank Gun Team
Panzergrenadier Squad
Selects Rapid Production
Selects Blitzkrieg
Construct Panzer Kompanie
MillenniumKnight
Cory The Gardener
0
0
Comments
sign in to comment!
No comments posted yet!